 Dungeon Crawl Stone Soup version 0.20-a0-214-gb74cb0e (webtiles) character file.

497 KristoblXynda the Cudgeler (level 7, 0/59 HPs)
             Began as an Ogre Gladiator on Nov 27, 2016.
             Slain by a centaur skeleton (4 damage)
             ... on level 4 of the Dungeon.
             The game lasted 00:05:21 (3453 turns).

KristoblXynda the Cudgeler (Ogre Gladiator)         Turns: 3453, Time: 00:05:22

Health: 0/59       AC:  8    Str: 20    XL:     7   Next: 16%
Magic:  6/6        EV: 11    Int:  6    God:
Gold:   175        SH:  0    Dex: 10    Spells: 6/6 levels left

rFire  . . .     SeeInvis .     a - +0 flail
rCold  . . .     Gourm    .     b - +1 robe
rNeg   . . .     Faith    .     (no shield)
rPois  .         Spirit   .     c - +0 hat
rElec  .         Reflect  .     (no cloak)
rCorr  .         Harm     .     (gloves unavailable)
MR     +....     Rnd*Rage +     (boots unavailable)
Stlth  +......... Rnd*Tele +    (no amulet)
                                (no ring)
                                n - ring of protection from magic

@: no status effects
A: unfitting armour, icy blue scales 1, yellow scales 1, berserk 1, dopey 1,
frail 1, low mp 1, teleportitis 1, tough skin 1, weak 1, no device heal 1
a: no special abilities


You were on level 4 of the Dungeon.
You were not hungry.

You visited 1 branch of the dungeon, and saw 4 of its levels.

You collected 175 gold pieces.

Inventory:

Hand Weapons
 a - a +0 flail (weapon)
Missiles
 d - 2 throwing nets (quivered)
Armour
 b - a +1 robe (worn)
 c - a +0 hat (worn)
Jewellery
 k - an uncursed ring of poison resistance {unknown}
 n - a ring of protection from magic (left hand)
Wands
 o - a wand of teleportation (5/9)
 p - a wand of iceblast (6/15)
Scrolls
 h - a scroll of enchant armour
 m - 2 scrolls of fog
 r - 2 scrolls of remove curse
 t - 2 scrolls of magic mapping
Potions
 e - a potion of cure mutation {unknown}
 g - a potion of cancellation
 i - a potion of agility
 l - a potion of haste
Comestibles
 f - 2 bread rations
 j - 2 royal jellies


   Skills:
 - Level 2.6 Fighting
 + Level 6.8 Maces & Flails
 + Level 4.6 Throwing
 + Level 4.6 Dodging


You had 6 spell levels left.
You didn't know any spells.

Dungeon Overview and Level Annotations

Branches:
Dungeon (4/15)
 Temple: D:4-7

Altars:
Gozag
Sif Muna
The Shining One


Innate Abilities, Weirdness & Mutations

You are too large for most types of armour.
You have tough skin. (AC +1)
You are partially covered in icy blue scales. (AC +2)
You are partially covered in yellow scales. (AC +2)
You tend to lose your temper in combat.
You are dopey. (Int -2)
You are frail. (-10% HP)
Your magical capacity is low. (-10% MP)
You are occasionally teleported next to monsters.
You are weak. (Str -2)
Potions and wands are less effective at restoring your health.


Message History

The centaur skeleton misses you.
The centaur skeleton hits you but does no damage.
The centaur skeleton hits you but does no damage.
You see here a scorpion corpse.
You hit the centaur skeleton.
The centaur skeleton is lightly damaged.
The centaur skeleton barely misses you.
You hit the centaur skeleton.
The centaur skeleton is moderately damaged.
The centaur skeleton hits you but does no damage.
The centaur skeleton hits you.
* * * LOW HITPOINT WARNING * * *
You sock the centaur skeleton!
The centaur skeleton is severely damaged.
The centaur skeleton hits you but does no damage.
You hit the centaur skeleton.
The centaur skeleton is almost destroyed.
The centaur skeleton hits you but does no damage.
The centaur skeleton hits you.
You die...

................#
................#
................#
....[...........#
................#
................#
................#
.........@Z.....#
................#
................#
................#
................#
................#
................#
.........$......#
###############


You could see a centaur skeleton.

Vanquished Creatures
  Grinder (D:4)
  Sigmund (D:3)
  A scorpion (D:4)
  A worker ant (D:4)
  3 adders
  2 worms (D:2)
  2 dart slugs
  A ball python (D:2)
  3 giant cockroaches
  4 goblins
  2 hobgoblins
  11 kobolds
  2 quokkas (D:2)
  4 bats
  7 frilled lizards
  A quokka skeleton (D:4)
  2 rats
48 creatures vanquished.

Notes
Turn   | Place    | Note
-------+----------+-------------------------------------------
     0 | D:1      | KristoblXynda the Ogre Gladiator began the quest for the Orb.
     0 | D:1      | Reached XP level 1. HP: 22/22 MP: 1/1
   501 | D:1      | Reached XP level 2. HP: 28/29 MP: 2/2
   879 | D:2      | Found a faded altar of an unknown god.
   896 | D:2      | Reached XP level 3. HP: 8/36 MP: 3/3
  1385 | D:2      | Found a deep blue altar of Sif Muna.
  1524 | D:2      | Found a glowing golden altar of the Shining One.
  1525 | D:2      | Found an opulent altar of Gozag.
  2026 | D:3      | Noticed Sigmund
  2035 | D:3      | Gained mutation: Your magical capacity is low. (-10% MP) [potion of mutation]
  2035 | D:3      | Gained mutation: Your magical capacity is very low. (-20% MP) [potion of mutation]
  2035 | D:3      | Lost mutation: Your magical capacity is very low. (-20% MP) [potion of mutation]
  2050 | D:3      | Killed Sigmund
  2050 | D:3      | Reached skill level 5 in Maces & Flails
  2050 | D:3      | Reached XP level 4. HP: 13/44 MP: 3/3
  2050 | D:3      | Reached XP level 5. HP: 15/50 MP: 4/4
  2672 | D:3      | Reached XP level 6. HP: 51/59 MP: 5/5
  2850 | D:4      | Noticed Grinder
  2863 | D:4      | HP: 1/59 [Grinder (2)]
  3237 | D:3      | Gained mutation: You are partially covered in icy blue scales. (AC +2) [potion of mutation]
  3237 | D:3      | Gained mutation: You are occasionally teleported next to monsters. [potion of mutation]
  3238 | D:3      | Gained mutation: You are frail. (-10% HP) [potion of mutation]
  3238 | D:3      | Gained mutation: You are partially covered in yellow scales. (AC +2) [potion of mutation]
  3238 | D:3      | Gained mutation: You tend to lose your temper in combat. [potion of mutation]
  3301 | D:4      | Gained mutation: You are weak. (Str -2) [potion of mutation]
  3301 | D:4      | Gained mutation: You are dopey. (Int -2) [potion of mutation]
  3301 | D:4      | Gained mutation: Potions and wands are less effective at restoring your health. [potion of mutation]
  3301 | D:4      | Paralysed by Grinder for 5 turns
  3332 | D:4      | Killed Grinder
  3332 | D:4      | Reached skill level 6 in Maces & Flails
  3424 | D:4      | Reached XP level 7. HP: 32/59 MP: 6/6
  3453 | D:4      | Slain by a centaur skeleton

Vault maps used:
D:1:      dpeg_arrival_court, minmay_misc_feat_square
D:2:      chequers_temple_overflow_statue_of_worship, overflow_temple_1_default,
          chequers_ecumenical_altar_simple_redux
D:3:      uniq_sigmund
D:4:      nicolae_qazlal_style_of_elements, uniq_grinder

Skill      XL: |  1  2  3  4  5  6 |
---------------+-------------------+-----
Dodging        | 3 4 |  4.6
Maces & Flails | 5 6 |  6.8
Throwing       | 3 4 |  4.6
Fighting       | |  2.6

Action                   |  1- 3 |  4- 6 |  7- 9 || total
-------------------------+-------+-------+-------++-------
Melee: Flail             |   131 |    88 |    12 ||   231
Throw: Throwing net      |     3 |       |       ||     3
Evoke: Wand              |       |     2 |       ||     2
  Use: Potion            |     2 |     6 |       ||     8
       Scroll            |       |     9 |       ||     9
 Stab: Held in net/web   |     2 |       |       ||     2
       Sleeping          |     1 |     1 |       ||     2
  Eat: Chunk             |     3 |       |       ||     3
       Meat ration       |     1 |       |       ||     1
Armor: Robe              |    34 |    26 |    10 ||    70
Dodge: Dodged            |    79 |    53 |     7 ||   139
